 Dungeon Crawl Stone Soup version 0.30-a0-1-g69b7b797bf (webtiles) character file.

Game seed: 2815523984448143691

2 jvdsbvj the Sneak (level 1, -1/9 HPs)
             Began as a Spriggan Enchanter on Aug 19, 2022.
             Frozen to death by an endoplasm (3 damage)
             ... on level 1 of the Dungeon.
             The game lasted 00:01:14 (239 turns).

jvdsbvj the Sneak (Spriggan Enchanter)               Turns: 239, Time: 00:01:14

Health: -1/9       AC:  2    Str:  4    XL:     1   Next: 33%
Magic:  5/5        EV: 17    Int: 16    God:
Gold:   0          SH:  0    Dex: 15    Spells: 5/5 levels left

rFire   . . .      SeeInvis +    a - +1 dagger
rCold   . . .      Faith    .    (no shield)
rNeg    . . .      Spirit   .    b - +0 robe
rPois   .          Reflect  .    (helmet restricted)
rElec   .          Harm     .    (no cloak)
rCorr   .          Rampage  .    (gloves unavailable)
Will    .....                    (boots unavailable)
Stlth   +++.......               (no amulet)
HPRegen 0.03/turn                (no ring)
MPRegen 0.09/turn                (no ring)

@: very quick
A: very small, no large weapons, unfitting armour, see invisible, speed 3
a: no special abilities


You were on level 1 of the Dungeon.
You visited 1 branch of the dungeon, and saw 2 of its levels.

Inventory:

Hand Weapons
 a - a +1 dagger (weapon)
Armour
 b - a +0 robe (worn)
Potions
 c - 2 potions of invisibility
 d - a potion of ambrosia
 e - a potion of curing {unknown}


   Skills:
 - Level 1.1 Short Blades
 - Level 2.6 Dodging
 - Level 4.4 Stealth
 + Level 2.8 Spellcasting
 + Level 3.7 Hexes


You had 5 spell levels left.
You didn't know any spells.
Your spell library contained the following spells:

 Spells                   Type           Power      Damage    Failure   Level
 Confusing Touch          Hex            14%        N/A       12%         3
 Tukima's Dance           Hex            14%        N/A       12%         3
 Ensorcelled Hibernation  Hex/Ice        16%        N/A       13%         2
 Dazzling Flash           Conj/Hex       16%        N/A       26%         3


Dungeon Overview and Level Annotations

Branches:
Dungeon (2/15)

Altars:


Innate Abilities, Weirdness & Mutations

You are very small and have problems with some larger weapons.
You are too small for most types of armour.
You have supernaturally acute eyesight. (SInv)
You cover ground extremely quickly. (Speed+++)


Message History

A worm is nearby!
Found a stone staircase leading up.
Found a pink potion.
Found a sedimented yellow potion.
An adder comes into view.
There is a stone staircase leading up here.
e - a pink potion
There is a stone staircase leading up here.
You climb upwards.
The kobold throws a stone.
The stone closely misses you.
There is a stone staircase leading down here.
Unknown command.
You see here 7 gold pieces.
You see here a scroll labelled VUCSIF HAKERO.
f - a scroll labelled VUCSIF HAKERO
As you read the scroll labelled VUCSIF HAKERO, it crumbles to dust.
You feel aware of your surroundings.
You sensed 1 shop/portal.
It was a scroll of magic mapping.
Unknown command.
Unknown command.
Unknown command.
A goblin comes into view. It is wielding a +0 club.
Found 5 stones.
The goblin shouts!
You hit the goblin.
The goblin is heavily wounded.
The goblin completely misses you.
You barely miss the goblin.
The goblin is heavily wounded.
The goblin hits you with a +0 club.
* * * LOW HITPOINT WARNING * * *
You closely miss the goblin.
The goblin is heavily wounded.
The endoplasm closely misses you. The goblin misses you.
You hit the goblin but do no damage. You punch the goblin.
The goblin is severely wounded.
You closely miss the goblin.
The goblin is severely wounded.
The endoplasm freezes you.
You are frozen.
You die...

*,>,,....#.,....J....#.......r
*******,..####*#######l.#..######
,,,,,,,,,,**,,,.......r.#..#
*******,,,**,**#######K##..#
,,*******,**,* #.##..#
,,,,,,,**,**,* #####r##..#
,,****,**,**,* ###.l.K.##..♣♣♣
,,* *,**,**,* #.JK#####♣♣♣♣P♣♣♣♣
,,* *,,,,**,* #@### ♣♣~~~~~~~♣
,,* ****,**,**#g# ♣♣~♣♣♣♣♣♣♣~
,,***** *,,*,**.(# ♣♣~♣♣~~~~~♣♣
,,,,,,* *,,*,*#.## ♣~♣♣~♣♣♣♣♣~♣
,**,*,* **,,,,..* ♣~♣~♣♣~~~♣♣~
*,,*,,* *,*>.##* ♣♣~♣~♣~♣♣♣~♣♣
,**,*,* *,**#* ♣P~♣~♣~♣P♣~~♣
,**,*,* *,* ♣♣~♣~♣~~~~♣~♣ *,,*,,*
*,* ♣~♣~~♣P♣~♣~♣


You could see an endoplasm, a goblin, 2 kobolds, a frilled lizard and a rat.

Vanquished Creatures
  A dart slug (D:2)
1 creature vanquished.

Vanquished Creatures (others)
  7 toadstools (D:1)
7 creatures vanquished.

Grand Total: 8 creatures vanquished

Notes
Turn   | Place    | Note
-------+----------+-------------------------------------------
     0 | D:1      | jvdsbvj the Spriggan Enchanter began the quest for the Orb.
     0 | D:1      | Reached XP level 1. HP: 9/9 MP: 5/5
    97 | D:1      | Found a faded altar of an unknown god.
   111 | D:1      | You fall into a shaft and drop 1 floor!
   239 | D:1      | Frozen to death by an endoplasm

Illustrated notes

Levels and vault maps discovered:
D:1:      nagdon_arrival_double_spiral, layout_basic,
          hellmonk_ecumenical_altar_arch_garden, minmay_small_reverse_x
D:2:      layout_basic

Action                   || total
-------------------------++-------
Melee: Dagger            ||    10
       Punch             ||     1
  Use: Scroll            ||     2
 Stab: Sleeping          ||     1
Armor: Robe              ||     2
Dodge: Dodged            ||     7

Table legend: (Time is in decaauts)
 A = Elapsed time spent in this place.
 B = Non-inter-level travel time spent in this place.
 C = Inter-level travel time spent in this place.
 D = Time resting spent in this place.
 E = Time spent auto-exploring this place.
 F = Levels seen in this place.
 G = Mean time per level.
                   A        B        C        D        E       F      G
               +--------+--------+--------+--------+--------+-----+--------+
         Total |    196 |    196 |      0 |     13 |     86 |   2 |   98.0 |
       Dungeon |    196 |    196 |      0 |     13 |     86 |   2 |   98.0 |
               +--------+--------+--------+--------+--------+-----+--------+

Top non-repeatable levels by time:
     D:1: 119 daAuts
     D:2: 77 daAuts
